 Dungeon Crawl Stone Soup version 0.30-a0-1074-g5db6f66fbb (console) character file.

Game seed: 5551965338663699413

1961 Ignak the Ogre Mage (level 9, 0/88 HPs)
             Began as an Ogre Hedge Wizard on Apr 14, 2023.
             Succumbed to an orc wizard's poison
             ... on level 4 of the Dungeon.
             The game lasted 00:15:59 (5045 turns).

Ignak the Ogre Mage (Ogre Hedge Wizard)             Turns: 5045, Time: 00:15:59

Health: 0/88       AC:  4    Str: 18    XL:     9   Next: 19%
Magic:  17/17      EV: 16    Int: 17    God:
Gold:   163        SH:  0    Dex: 14    Spells: 5/19 levels left

rFire   + + .      SeeInvis .    k - +6 hand axe of Vila {heavy, rF+ Dex+6}
rCold   . . .      Faith    .    (no shield)
rNeg    . . .      Spirit   .    b - +0 robe
rPois   .          Reflect  .    c - +0 hat
rElec   .          Rampage  .    v - +0 cloak
rCorr   .                        (gloves unavailable)
Will    .....                    (boots unavailable)
Stlth   ++                       (no amulet)
HPRegen 0.34/turn                A - +5 ring of evasion
MPRegen 0.15/turn                m - ring of protection from fire

@: lethally poisoned (0 -> -12), flying, very slightly contaminated
A: large, unfitting armour, tough skin 1
a: no special abilities


You were on level 4 of the Dungeon.
You visited 1 branch of the dungeon, and saw 5 of its levels.

You collected 163 gold pieces.

Inventory:

Hand Weapons
 k - the +6 hand axe of Vila (weapon) {heavy, rF+ Dex+6}
   (You found it on level 2 of the Dungeon)

   Dex:       It affects your dexterity (+6).
   rF:        It protects you from fire.
 B - a +0 war axe
 C - a +0 whip of flaming
Missiles
 u - 8 boomerangs (quivered)
 w - 2 poisoned darts
Armour
 b - a +0 robe (worn)
 c - a +0 hat (worn)
 v - a +0 cloak (worn)
Jewellery
 m - a ring of protection from fire (right hand)
 A - a +5 ring of evasion (left hand)
Wands
 x - a wand of digging (4)
Scrolls
 g - a scroll of vulnerability {unknown}
 h - 2 scrolls of identify {unknown}
 i - 2 scrolls of fog {unknown}
 j - 5 scrolls of teleportation {unknown}
 q - a scroll of amnesia {unknown}
 r - a scroll of fear {unknown}
 t - a scroll of enchant armour {unknown}
 y - a scroll of immolation {unknown}
 z - a scroll of summoning {unknown}
Potions
 a - a potion of resistance {unknown}
 d - a potion of magic
 e - a potion of berserk rage {unknown}
 f - a potion of experience {unknown}
 l - a potion of cancellation {unknown}
 n - a potion of heal wounds {unknown}
 o - a potion of flight
 p - a potion of lignification {unknown}
 s - 2 potions of curing {unknown}


   Skills:
 + Level 5.3 Fighting
 * Level 5.5 Axes
 + Level 4.1 Dodging
 - Level 1.4 Stealth
 + Level 5.7 Spellcasting
 - Level 3.0 Conjurations
 - Level 0.8 Summonings
 - Level 3.0 Translocations
 + Level 3.5 Transmutations
 - Level 2.0 Air Magic
 - Level 2.0 Poison Magic


You had 5 spell levels left.
You knew the following spells:

 Your Spells              Type           Power      Damage    Failure   Level
a - Magic Dart            Conj           60%        1d6       3%          1
b - Blink                 Tloc           30%        N/A       6%          2
c - Wereblood             Tmut           16%        N/A       4%          2
d - Mephitic Cloud        Conj/Pois/Air  12%        N/A       16%         3
e - Call Imp              Summ           14%        N/A       14%         2
z - Olgreb's Toxic Radia  Pois           11%        N/A       50%         4

Your spell library contained the following spells:

 Spells                   Type           Power      Damage    Failure   Level
 Apportation              Tloc           30%        N/A       3%          1
 Beastly Appendage        Tmut           32%        N/A       3%          1
 Sting                    Tmut/Pois      56%        1d5       4%          1
 Poisonous Vapours        Pois/Air       22%        N/A       9%          2
 Summon Small Mammal      Summ           28%        N/A       10%         1
 Passwall                 Tmut/Erth      8%         N/A       10%         2
 Cigotuvi's Dreadful Rot  Necr/Pois/Air  18%        N/A       12%         2
 Necrotise                Necr           16%        1d4       13%         1
 Sandblast                Erth           8%         2d5       13%         1
 Slow                     Hex            16%        N/A       13%         1
 Spider Form              Tmut/Pois      14%        N/A       13%         3
 Scorch                   Fire           8%         2d5       21%         2
 Hailstorm                Conj/Ice       9%         3d4       22%         3
 Stone Arrow              Conj/Erth      18%        3d8       22%         3
 Confusing Touch          Hex            4%         N/A       36%         3
 Vampiric Draining        Necr           4%         2d6       36%         3
 Ice Form                 Ice/Tmut       10%        N/A       54%         4
 Flame Wave               Conj/Fire      9%         2d6       56%         4
 Simulacrum               Ice/Necr       2%         N/A       100%        6
 Summon Cactus Giant      Summ           3%         N/A       100%        6


Dungeon Overview and Level Annotations

Branches:
Dungeon (5/15)
 Temple: D:4-7

Altars:
Uskayaw


Innate Abilities, Weirdness & Mutations

You are too large for most types of armour.
You have tough skin. (AC +1)


Message History

The orc wizard casts a spell at you. The puff of flame hits you. You resist.
* * * LOW HITPOINT WARNING * * *
The gnoll completely misses you. The gnoll closely misses you.
You climb upwards.
You feel sick.
There is a stone staircase leading down, spattered with blood here.
Press: ? - help, v - describe, . - travel, g - get item
Here: an orc wizard, wielding a +1 dagger of venom and wearing a +1 robe of cold resistance (moderately wounded, poisoned) Item here: a +0 short sword.
The floor.
Okay, then.
You closely miss the orc wizard.
The orc wizard is moderately wounded.
You feel sick.
You are no longer poisoned.
The orc wizard barely misses you. The orc wizard misses you.
Casting: Olgreb's Toxic Radiance (dangerous; 50% risk of failure)
Confirm with . or Enter, or press ? or * to list all spells.
You miscast Call Imp.
Nothing appears to happen.
The orc wizard looks more healthy.
The orc wizard hits you but does no damage.
You are poisoned.
Casting: Call Imp (safe; 14% risk of failure)
Confirm with . or Enter, or press ? or * to list all spells.
Aiming: Mephitic Cloud (dangerous; 16% risk of failure)
Press: ? - help, Shift-Dir - straight line You miscast Mephitic Cloud.
You feel incredibly sick.
You are lethally poisoned!
* * * LOW HITPOINT WARNING * * *
x2 You feel very sick.
The orc wizard hits you but does no damage.
You are more poisoned.
Magic courses through your body.
* * * LOW HITPOINT WARNING * * *
You feel very sick. The orc wizard completely misses you.
It was a potion of flight.
You feel very buoyant.
You fly up into the air.
You die...

#.........##................#
#####.........##.................
..........)...##.................
##.##.........##.................
##.##.........##.................
##.##....#.........##############
##.##....#.........##############
##.##....#..............##.......
##.##....#..)).o@[......##.......
##.##....#......<.......##.......
##.##....###...##................
##.##........####.......#........
##.##........# #...†...#........
##.##........# #.......##.......
##...........# #...†...##.......
####.........# #..†....##.......
## #.........# ####.............


You could see an orc wizard.

Vanquished Creatures
  Pikel (D:4)
  Edmund (D:4)
  An ogre (D:4)
  A lemure (D:4)
  2 scorpions
  2 hounds (D:4)
  2 gnoll boudas
  An iguana (D:4)
  11 gnolls
  4 adders
  6 worms
  2 dart slugs
  10 orcs
  5 bats
  8 endoplasms
  7 giant cockroaches
  4 goblins
  8 hobgoblins
  11 jackals
  7 kobolds
  2 quokkas
  6 ball pythons
  5 frilled lizards
  4 rats
111 creatures vanquished.

Vanquished Creatures (collateral kills)
  A two-headed ogre (D:4)
  Grinder (D:4)
  An orc (D:3)
  2 endoplasms (D:1)
  A goblin (D:1)
  A jackal (D:1)
  3 rats (D:1)
10 creatures vanquished.

Vanquished Creatures (others)
  An orc wizard (D:4)
1 creature vanquished.

Grand Total: 122 creatures vanquished

Notes
Turn   | Place    | Note
-------+----------+-------------------------------------------
     0 | D:1      | Ignak the Ogre Hedge Wizard began the quest for the Orb.
     0 | D:1      | Reached XP level 1. HP: 16/16 MP: 5/5
     1 | D:1      | Found a runed translucent door.
    72 | D:1      | Reached skill level 1 in Conjurations
    72 | D:1      | Reached skill level 1 in Translocations
   165 | D:1      | Reached XP level 2. HP: 18/26 MP: 6/6
   178 | D:1      | Learned a level 2 spell: Blink
   181 | D:1      | Learned a level 2 spell: Call Imp
   350 | D:1      | Reached skill level 1 in Fighting
   585 | D:1      | Reached XP level 3. HP: 33/33 MP: 8/8
   589 | D:1      | Learned a level 3 spell: Mephitic Cloud
  1059 | D:2      | Identified the +6 hand axe of Vila {heavy, rF+ Dex+6}
  1150 | D:2      | Reached XP level 4. HP: 37/41 MP: 10/10
  1334 | D:2      | You fall into a shaft and drop 1 floor!
  1338 | D:3      | Learned a level 2 spell: Wereblood
  1813 | D:3      | Noticed a scorpion
  1821 | D:3      | Killed a scorpion
  1822 | D:3      | Reached skill level 1 in Axes
  1822 | D:3      | Reached skill level 1 in Transmutations
  1822 | D:3      | Reached XP level 5. HP: 29/49 MP: 9/11
  1980 | D:3      | Reached skill level 1 in Air Magic
  2595 | D:3      | Reached XP level 6. HP: 42/53 MP: 8/12
  2707 | D:4      | Reached skill level 1 in Poison Magic
  3373 | D:4      | Found a hide-covered altar of Uskayaw.
  3383 | D:4      | Noticed Edmund
  3393 | D:4      | Killed Edmund
  3394 | D:4      | Reached XP level 7. HP: 35/66 MP: 7/13
  3524 | D:4      | Noticed a two-headed ogre
  3872 | D:4      | Noticed Grinder
  3890 | D:4      | Paralysed by Grinder for 5 turns
  3894 | D:4      | HP: 3/66 [Grinder (4)]
  3926 | D:5      | Entered Level 5 of the Dungeon
  4148 | D:4      | Paralysed by Grinder for 4 turns
  4334 | D:4      | Killed Grinder
  4345 | D:4      | Learned a level 4 spell: Olgreb's Toxic Radiance
  4755 | D:4      | Killed a two-headed ogre
  4756 | D:4      | Reached skill level 5 in Spellcasting
  4756 | D:4      | Reached XP level 8. HP: 53/79 MP: 5/15
  4878 | D:5      | Noticed Pikel
  5021 | D:4      | Killed Pikel
  5022 | D:4      | Reached skill level 5 in Fighting
  5022 | D:4      | Reached skill level 5 in Axes
  5022 | D:4      | Reached XP level 9. HP: 79/88 MP: 11/17
  5044 | D:4      | HP: 3/88 [poisoned by an orc wizard]
  5045 | D:4      | Succumbed to an orc wizard's poison

Illustrated notes

Levels and vault maps discovered:
D:1:      dpeg_arrival_caged_fury, layout_basic
D:2:      layout_loops_ring, minmay_tiny_reverse_x
D:3:      layout_basic, minmay_randomly_rotated_circles
D:4:      layout_basic, lemuel_crystal_altar, uniq_edmund, uniq_grinder
D:5:      layout_cave_pools, grunt_ministairs_7, kennysheep_generic_room_13,
          uniq_pikel

Skill      XL: |  1  2  3  4  5  6  7  8 |
---------------+-------------------------+-----
Conjurations   | 1 2 3 |  3.0
Translocations | 1 2 3 |  3.0
Dodging        | 2 3 4 |  4.1
Fighting       | 1 2 4 5 |  5.3
Spellcasting   | 4 5 |  5.7
Axes           | 1 2 4 5 |  5.5
Transmutations | 1 2 3 |  3.5
Air Magic      | 1 2 |  2.0
Poison Magic   | 1 2 |  2.0
Stealth        | |  1.4
Summonings     | |  0.8

Action                     |  1- 3 |  4- 6 |  7- 9 || total
---------------------------+-------+-------+-------++-------
  Melee: Dagger            |   136 |       |       ||   136
         Hand axe          |     3 |   108 |    66 ||   177
         Punch             |     3 |       |     1 ||     4
  Throw: Dart              |       |       |     5 ||     5
         Boomerang         |       |       |     2 ||     2
   Cast: Magic Dart        |     7 |       |     2 ||     9
         Call Imp          |     7 |     5 |     4 ||    16
         Blink             |       |     2 |     3 ||     5
         Wereblood         |       |     1 |     1 ||     2
         Mephitic Cloud    |       |     3 |    15 ||    18
         Olgreb's Toxic Ra |       |       |     1 ||     1
  Evoke: Wand              |       |       |     8 ||     8
    Use: Potion            |       |       |     2 ||     2
   Stab: Sleeping          |     3 |       |       ||     3
         Confused          |       |     1 |     1 ||     2
 Armour: Robe              |    58 |    38 |    17 ||   113
  Dodge: Dodged            |    69 |   109 |    68 ||   246

Table legend: (Time is in decaauts)
 A = Elapsed time spent in this place.
 B = Non-inter-level travel time spent in this place.
 C = Inter-level travel time spent in this place.
 D = Time resting spent in this place.
 E = Time spent auto-exploring this place.
 F = Levels seen in this place.
 G = Mean time per level.
                   A        B        C        D        E       F      G
               +--------+--------+--------+--------+--------+-----+--------+
         Total |   5195 |   5150 |     45 |   1315 |   1943 |   5 | 1039.0 |
       Dungeon |   5195 |   5150 |     45 |   1315 |   1943 |   5 | 1039.0 |
               +--------+--------+--------+--------+--------+-----+--------+

Top non-repeatable levels by time:
     D:4: 1904 daAuts
     D:3: 1741 daAuts
     D:1: 1053 daAuts
     D:2: 284 daAuts
     D:5: 212 daAuts
